 Dungeon Crawl Stone Soup version 0.31-a0-466-g98c9adc2b6 (webtiles) character file.

Game seed: 1048214615231028387

410 Gargoyl the Chopper (level 6, -1/39 HPs)
             Began as a Gargoyle Berserker on Aug 5, 2023.
             Was a Believer of Trog.
             Slain by an iguana (11 damage)
             ... on level 4 of the Dungeon.
             The game lasted 00:03:13 (3021 turns).

Gargoyl the Chopper (Gargoyle Berserker)            Turns: 3021, Time: 00:03:14

Health: -1/39      AC: 10    Str: 27    XL:     6   Next: 89%
Magic:  6/6        EV: 10    Int:  7    God:    Trog [**....]
Gold:   81         SH:  7    Dex: 11    Spells: 5/5 levels left

rFire   . . .        a - +1 hand axe
rCold   . . .        k - +0 kite shield
rNeg    + . .        g - +0 ring mail
rPois   ∞            (no helmet)
rElec   +            (no cloak)
rCorr   .            (no gloves)
SInv    .            (no boots)
Will    ++...        (no amulet)
Stlth   +            e - +6 ring of strength
HPRegen 1.26/turn    (no ring)
MPRegen 0.10/turn

%: no passive effects
@: strong-willed, on berserk cooldown, regenerating, slowed, very slow
A: sickness immunity, AC +4, negative energy resistance 1, electricity
resistance, torment resistance 1, petrification resistance
a: Renounce Religion, Berserk, Trog's Hand


You were on level 4 of the Dungeon.
You worshipped Trog.
Trog was pleased with you.
You visited 1 branch of the dungeon, and saw 4 of its levels.

You collected 81 gold pieces.

Inventory:

Hand Weapons
 a - a +1 hand axe (weapon)
 d - a +0 flail of protection
Armour
 g - a +0 ring mail (worn)
 k - a +0 kite shield (worn)
Jewellery
 e - a +6 ring of strength (left hand)
Wands
 m - a wand of polymorph (5)
Scrolls
 n - 2 scrolls of revelation {unknown}
 o - a scroll of fog {unknown}
Potions
 b - a potion of lignification {unknown}
 c - a potion of ambrosia {unknown}
 f - a potion of degeneration {unknown}
 h - a potion of curing {unknown}
 i - a potion of mutation {unknown}
 j - a potion of enlightenment {unknown}
 l - a potion of cancellation {unknown}
 p - a potion of haste {unknown}


   Skills:
 + Level 4.7 Fighting
 + Level 4.9 Axes
 + Level 3.3 Armour
 + Level 2.4 Dodging
 + Level 0.8 Stealth
 + Level 1.5 Shields
 + Level 0.4 Unarmed Combat


You had 5 spell levels left.
You didn't know any spells.
Your spell library was empty.

Dungeon Overview and Level Annotations

Branches:
Dungeon (4/15)
 Temple: D:4-7

Altars:
Nemelex Xobeh


Innate Abilities, Weirdness & Mutations

You are immune to sickness and miasma.
Your stone body is resilient. (AC +4)
You are immune to poison.
You resist negative energy. (rN+)
You are resistant to electric shocks. (rElec)
You are resistant to unholy torment.
You are immune to petrification.


Message History

a +0 dagger; a goblin corpse You barely miss the hobgoblin.
You block the hobgoblin's attack.
You hit the iguana.
The iguana is lightly wounded.
You hit the iguana.
The iguana is heavily wounded.
The iguana barely misses you. x2
You barely miss the iguana.
The iguana is heavily wounded.
You block the iguana's attack. The iguana barely misses you.
You hit the iguana but do no damage.
The iguana is heavily wounded.
You block the iguana's attack. The iguana closely misses you.
You barely miss the iguana.
The iguana is heavily wounded.
The iguana bites you.
You hit the iguana but do no damage.
The iguana is heavily wounded.
The iguana closely misses you. The iguana barely misses you.
You slash the iguana!
The iguana is almost dead.
The iguana bites you! x2
You hit the iguana but do no damage.
The iguana is almost dead.
The iguana completely misses you. You block the iguana's attack.
You closely miss the iguana.
The iguana is almost dead.
The iguana bites you.
* * * LOW HITPOINT WARNING * * *
The iguana barely misses you.
You barely miss the iguana.
The iguana is almost dead.
The iguana closely misses you.
Unknown command.
Your skin crawls.
You feel strong-willed. The iguana bites you.
* * * LOW HITPOINT WARNING * * *
The iguana bites you!
You die...

.......# ......# .....#..
....#.# ...#.# . ####
.g#.#.##.. ..... #l#.#...
.. .......# #@#.#.# ..#
.......# ######.....##.>.
.......# #.........#.....
.......# #)........<.....
.......# #.....))........
.......# #.....)....##..#
.......# ########.......#
)......# #.#.###<#
.).....###########.#.#####


You could see an iguana and a hobgoblin.

Vanquished Creatures
  Sigmund (D:3)
  An orc priest (D:4)
  Natasha (thrice) (D:2)
  An orc wizard (D:4)
  4 adders
  3 worms (D:2)
  2 dart slugs
  8 orcs
  5 endoplasms
  2 giant cockroaches (D:3)
  4 goblins
  5 hobgoblins
  6 jackals
  A quokka (D:1)
  5 ball pythons
  A bat (D:1)
  6 frilled lizards
  7 kobolds
  3 rats
68 creatures vanquished.

Notes
Turn   | Place    | Note
-------+----------+-------------------------------------------
     0 | D:1      | Gargoyl the Gargoyle Berserker began the quest for the Orb.
     0 | D:1      | Reached XP level 1. HP: 14/14 MP: 1/1
   119 | D:1      | Found a faded altar of an unknown god.
   291 | D:1      | Reached XP level 2. HP: 19/19 MP: 2/2
   824 | D:2      | Found a sparkling altar of Nemelex Xobeh.
   848 | D:2      | Noticed Natasha
   854 | D:2      | Killed Natasha
   855 | D:2      | Reached XP level 3. HP: 24/24 MP: 3/3
  1330 | D:2      | Reached XP level 4. HP: 29/29 MP: 4/4
  1413 | D:2      | Noticed Natasha
  1424 | D:2      | Killed Natasha
  1854 | D:2      | Noticed Natasha
  1861 | D:2      | Killed Natasha
  1862 | D:2      | Reached XP level 5. HP: 34/34 MP: 5/5
  2002 | D:3      | Reached ** piety under Trog
  2283 | D:3      | Noticed Sigmund
  2293 | D:3      | Killed Sigmund
  2294 | D:3      | Reached skill level 1 in Shields
  2294 | D:3      | Reached XP level 6. HP: 39/39 MP: 6/6
  2702 | D:3      | Identified the +9 dagger "Racaon" {freeze, *Noise rN++
                  | MP+9}
  3021 | D:4      | Slain by an iguana

Illustrated notes

Levels and vault maps discovered:
D:1:      co_arrival_random_square_maze, layout_basic,
          chequers_ecumenical_altar_island, chequers_serial_rivers_marsh,
          chequers_serial_rivers_micro_c
D:2:      layout_loops_ring, basic_altar, kennysheep_donut, uniq_natasha
D:3:      layout_loops_corners, kennysheep_generic_room_16, uniq_sigmund
D:4:      minmay_goblin_kobold_castle, layout_basic, mainiacjoe_overflow_paths

Skill      XL: |  1  2  3  4  5 |
---------------+----------------+-----
Axes           | 3 4 |  4.9
Fighting       | 4 |  4.7
Dodging        | 2 |  2.4
Armour         | 3 |  3.3
Shields        | 1 |  1.5
Stealth        | |  0.8
Unarmed Combat | |  0.4

Action                     |  1- 3 |  4- 6 || total
---------------------------+-------+-------++-------
  Melee: Hand axe          |    84 |   146 ||   230
         Punch             |     1 |       ||     1
         Unarmed           |       |     6 ||     6
 Invoke: Berserk           |     1 |     4 ||     5
         Trog's Hand       |       |     1 ||     1
    Use: Scroll            |       |     3 ||     3
 Armour: Animal skin       |    11 |       ||    11
         Ring mail         |    26 |    57 ||    83
  Dodge: Dodged            |    68 |    78 ||   146
  Block: Kite shield       |     6 |    49 ||    55

Table legend: (Time is in decaauts)
 A = Elapsed time spent in this place.
 B = Non-inter-level travel time spent in this place.
 C = Inter-level travel time spent in this place.
 D = Time resting spent in this place.
 E = Time spent auto-exploring this place.
 F = Levels seen in this place.
 G = Mean time per level.
                   A        B        C        D        E       F      G
               +--------+--------+--------+--------+--------+-----+--------+
         Total |   3115 |   2998 |    117 |      0 |   2244 |   4 |  778.8 |
       Dungeon |   3115 |   2998 |    117 |      0 |   2244 |   4 |  778.8 |
               +--------+--------+--------+--------+--------+-----+--------+

Top non-repeatable levels by time:
     D:2: 1167 daAuts
     D:3: 1023 daAuts
     D:1: 834 daAuts
     D:4: 90 daAuts
